 Dungeon Crawl Stone Soup version 0.26-a0-613-g4f23886233 (webtiles) character file.

Game seed: 9194919330003264578

78837 DogServant the Carver (level 15, -9/208 HPs)
             Began as a Minotaur Berserker on Sept 11, 2020.
             Was a High Priest of Trog.
             Mangled by Rupert
             ... wielding a +1 great mace of draining
              (18 damage)
             ... on level 13 of the Dungeon.
             The game lasted 01:37:20 (27755 turns).

DogServant the Carver (Minotaur Berserker)         Turns: 27755, Time: 01:37:20

Health: -9/208     AC: 27    Str: 25    XL:     15   Next: 19%
Magic:  0/14       EV:  2    Int:  4    God:    Trog [*****.]
Gold:   1871       SH: 18    Dex: 19    Spells: 14/14 levels left

rFire    + . .     SeeInvis +   S - +1 long sword "Ritse" {speed, rC+ rN+} (curse)
rCold    + + .     Faith    .   X - +0 tower shield
rNeg     + + +     Spirit   +   (armour currently unavailable)
rPois    +         Reflect  .   (helmet currently unavailable)
rElec    +         Harm     .   (cloak currently unavailable)
rCorr    +         NoTele   +   (gloves currently unavailable)
MR       +++..                  (boots currently unavailable)
Stlth    ++........             o - amulet of guardian spirit
HPRegen  1.44/turn              k - +6 ring of dexterity
MPRegen  0.14/turn              h - ring of see invisible

@: tree-form, resistant, berserk cooldown, regenerating, slowed, lightly
drained, very slow
A: (retaliatory headbutt), deterioration 1
a: Berserk, Trog's Hand, Brothers in Arms, Renounce Religion


You were on level 13 of the Dungeon.
You worshipped Trog.
Trog was extremely pleased with you.
You were a tree.
You visited 4 branches of the dungeon, and saw 23 of its levels.

You collected 4103 gold pieces.
You spent 2232 gold pieces at shops.

Inventory:

Hand Weapons
 P - the +11 plutonium sword {*Contam Stlth-}
   (You bought it in a shop on level 11 of the Dungeon)

   It causes magical contamination when unequipped.
   It makes you less stealthy.
 S - the cursed +1 long sword "Ritse" (weapon) {speed, rC+ rN+}
   (You found it on level 2 of the Lair of Beasts)

   Attacks with this weapon are significantly faster.
   It protects you from cold.
   It protects you from negative energy.
   It has a curse placed upon it.
 Y - a +2 scimitar
Armour
 z - a +0 pair of boots (melded)
 G - a +2 plate armour (melded)
 L - a scarf of repulsion (melded)
 X - a +0 tower shield (worn)
Jewellery
 d - the amulet "Baer" {RegenMP rElec rPois rF++ MR-, unknown}
   (You found it on level 1 of the Shoals)

   [amulet of magic regeneration]

   It increases your magic regeneration.
   It greatly protects you from fire.
   It insulates you from electricity.
   It protects you from poison.
   It affects your resistance to hostile enchantments.
 h - a ring of see invisible (right branch)
 j - an uncursed ring of protection from magic {unknown}
 k - a +6 ring of dexterity (left branch)
 n - an uncursed amulet of regeneration {unknown}
 o - an amulet of guardian spirit (around neck)
 q - an uncursed amulet of regeneration {unknown}
 s - a +6 ring of dexterity
 u - an uncursed ring of stealth {unknown}
 w - an uncursed ring of poison resistance {unknown}
 x - a cursed ring of stealth {unknown}
 F - a cursed ring of attention {unknown}
 I - an uncursed ring of protection from cold {unknown}
 K - an uncursed amulet of reflection {unknown}
 M - an uncursed amulet of the acrobat {unknown}
 N - a cursed ring of attention {unknown}
 O - an uncursed ring of wizardry {unknown}
Wands
 b - a wand of paralysis (10)
 A - a wand of flame (34)
 D - a wand of disintegration (9)
 J - a wand of digging (5)
Scrolls
 a - a scroll of enchant weapon
 c - 3 scrolls of magic mapping
 g - 14 scrolls of remove curse
 t - 5 scrolls of teleportation
 y - 7 scrolls of fog
 E - 2 scrolls of enchant armour
 Q - a scroll of brand weapon
 R - 5 scrolls of holy word {unknown}
 U - a scroll of noise {unknown}
Potions
 e - 7 potions of curing
 f - 3 potions of resistance
 i - 4 potions of lignification
 l - 3 potions of might
 p - a potion of flight
 v - 2 potions of cancellation {unknown}
 C - 2 potions of ambrosia {unknown}
 H - 4 potions of invisibility {unknown}
 V - 2 potions of stabbing {unknown}
 W - 3 potions of heal wounds {unknown}
 Z - a potion of degeneration {unknown}
Miscellaneous
 B - a phantom mirror


   Skills:
 + Level 14.7(14.1) Fighting
 + Level 14.8(14.2) Long Blades
 - Level 7.3(6.8) Throwing
 + Level 13.3(12.7) Armour
 + Level 12.3(11.8) Dodging
 - Level 3.0(2.6) Stealth
 + Level 10.2(9.7) Shields
 + Level 6.9(6.4) Evocations


You had 14 spell levels left.
You didn't know any spells.
Your spell library contained the following spells:

 Spells                   Type           Power        Failure   Level
 Animate Skeleton         Necr           #.....       99%         1
 Apportation              Tloc           #.....       99%         1
 Corona                   Hex            #......      99%         1
 Sandblast                Erth           #.....       99%         1
 Sting                    Tmut/Pois      #...         99%         1
 Summon Small Mammal      Summ           #...         99%         1
 Blink                    Tloc           N/A          99%         2
 Call Imp                 Summ           #.......     99%         2
 Slow                     Hex            #.......     99%         2
 Call Canine Familiar     Summ           #.......     100%        3
 Confusing Touch          Hex            #.......     100%        3
 Gell's Gravitas          Tloc           #.........   100%        3
 Inner Flame              Hex/Fire       #.......     100%        3
 Lesser Beckoning         Tloc           #.........   100%        3
 Portal Projectile        Hex/Tloc       #.....       100%        3
 Spider Form              Tmut/Pois      #.........   100%        3
 Summon Guardian Golem    Hex/Summ       #.......     100%        3
 Teleport Other           Tloc           #.......     100%        3
 Cause Fear               Hex            #.........   100%        4
 Leda's Liquefaction      Hex/Erth       #.........   100%        4
 Passage of Golubria      Tloc           N/A          100%        4
 Petrify                  Tmut/Erth      #.......     100%        4
 Summon Ice Beast         Ice/Summ       #.......     100%        4
 Summon Lightning Spire   Summ/Air       #.......     100%        4
 Bolt of Magma            Conj/Fire/Erth #.........   100%        5
 Metabolic Englaciation   Hex/Ice        #.........   100%        5
 Yara's Violent Unravell  Hex/Tmut       #.........   100%        5


Dungeon Overview and Level Annotations

Branches:
Dungeon (13/15)            Temple (0/1) D:4            Lair (6/6) D:9
 Shoals (3/4) Lair:2       Spider (1/4) Lair:2        Slime (0/5) Lair:5
    Orc (0/2) D:9          Vaults (0/5) D:13

Altars:
Cheibriados
Fedhas
Gozag
Kikubaaqudgha
Okawaru
Trog
Vehumet
The Shining One
Beogh
Lugonu

Shops:
D:4 (   D:11 *   Shoals:1 [

Annotations:
D:13 Rupert
Lair:5 exclusion: 4 oklob plants


Innate Abilities, Weirdness & Mutations

((You reflexively headbutt those who attack you in melee.))
((You have a pair of horns on your head.))
Your body sometimes deteriorates upon taking damage.
((You are occasionally teleported next to monsters.))


Message History

It was a potion of resistance.
You feel protected.
An orc comes into view. It is wielding a +0 short sword.
You block Rupert's attack.
The cyclops throws a large rock.
The large rock closely misses you.
The orc priest looks braver for a moment.
It was a potion of lignification.
You turn into a tree.
Your scarf of repulsion melds into your body.
Your +0 pair of boots melds into your body.
Your +2 plate armour melds into your body.
The haze of the repulsion field disappears.
Your roots penetrate the ground.
Rupert hits you but does no damage.
The centaur warrior simulacrum hits you but does no damage.
You block Rupert's attack.
The cyclops throws a large rock.
You block the large rock.
The centaur warrior simulacrum hits you but does no damage.
Okay, then.
It was a potion of flight.
Your roots keep you in place.
Rupert hits you with a +1 great mace of draining!!
You die...

##..........
##..?C.......
##............
##.............
#..............
...............
..............≈
.............≈≈
.......♣....≈≈≈
.......@c..≈≈≈≈
.......Z....≈≈≈
.........yy..≈≈
.....oDo......≈
..........o....
#..............
##...?.........
##............


You could see Rupert (berserk), a seven-headed hydra, a centaur warrior, a
cyclops, 2 killer bees, an orc priest, a centaur warrior simulacrum and 2 orcs.

Vanquished Creatures
  Kirke (D:12)
  An emperor scorpion (Lair:6)
  A merfolk javelineer (Shoals:3)
  A merfolk impaler (Shoals:2)
  Harold (D:9)
  8 hydras
  Fannar (Lair:3)
  An ogre mage (D:12)
  A two-headed ogre (D:9)
  5 death yaks (Lair:6)
  A shock serpent (Shoals:1)
  Urug (D:12)
  Nergalle (Lair:4)
  2 unseen horrors (D:11)
  2 orc knights
  10 harpies
  2 oklob plants
  8 fauns (Shoals:2)
  A deep elf mage (D:13)
  2 cyclopes (D:11)
  2 ugly things (D:12)
  A manticore (Shoals:2)
  An elephant (shapeshifter) (D:13)
  8 black mambas
  4 elephants
  2 merfolk sirens
  Joseph (D:10)
  A water nymph (Shoals:1)
  A guardian serpent (Lair:2)
  2 gargoyles
  14 cane toads
  4 rime drakes
  3 kobold demonologists (D:12)
  A yaktaur (Lair:6)
  7 komodo dragons
  3 trolls
  A wind drake (D:11)
  3 polar bears
  3 meliai (D:13)
  7 merfolk
  6 hornets
  4 blink frogs
  5 snapping turtles
  10 hippogriffs
  A dream sheep (Lair:6)
  A tarantella (D:12)
  4 water elementals
  A shadow (D:11)
  Sigmund (D:4)
  12 spriggans (Lair:6)
  A wyvern (D:11)
  5 wraiths
  35 yaks
  2 basilisks
  3 hogs (D:12)
  12 humans (D:13)
  3 wargs (D:9)
  A vampire mosquito (D:11)
  A soldier ant (D:11)
  15 water moccasins
  9 porcupines
  3 sky beasts
  7 orc warriors
  A phantom (D:5)
  7 black bears
  A necrophage (D:11)
  3 ice beasts
  5 centaurs
  7 ogres
  4 boggarts (Lair:6)
  14 wolves (Lair:6)
  18 crocodiles
  6 big kobolds
  16 bullfrogs
  A wyvern skeleton (D:11)
  5 scorpions
  3 killer bees (D:10)
  2 electric eels (Lair:4)
  10 wights
  5 howler monkeys (D:11)
  8 hounds
  3 jellies
  15 orc priests
  Crazy Yiuf (D:6)
  2 bullfrog skeletons
  6 centaur skeletons
  14 orc wizards
  Ijyb (D:4)
  4 iguanas
  8 worker ants
  2 hound zombies
  3 worker ant zombies
  9 gnolls
  13 adders
  2 shadow imps
  4 white imps
  An ufetubus (D:8)
  2 worms
  2 adder skeletons
  2 dart slugs
  3 leopard geckos
  65 orcs
  A ball python (D:3)
  5 giant cockroaches
  4 goblins (D:1)
  5 hobgoblins
  3 jackals (D:8)
  30 kobolds
  4 quokkas
  2 bats
  8 frilled lizards
  3 goblin skeletons (D:7)
  2 kobold skeletons (D:7)
  A kobold zombie (D:7)
  2 orc zombies (D:7)
  A quokka skeleton (D:7)
  3 rats
614 creatures vanquished.

Vanquished Creatures (collateral kills)
  A hydra (Lair:1)
  A deep elf mage (D:12)
  A gargoyle (D:12)
  A centaur skeleton (D:13)
  A hippogriff (D:12)
  A hog (D:12)
  An ice beast (D:12)
  An orc (D:13)
8 creatures vanquished.

Vanquished Creatures (others)
  A bullfrog (D:13)
  A worker ant zombie (D:9)
  7 demonic plants (D:12)
  66 fungi
  104 plants
179 creatures vanquished.

Grand Total: 801 creatures vanquished

Notes
Turn   | Place    | Note
-------+----------+-------------------------------------------
     0 | D:1      | DogServant the Minotaur Berserker began the quest for the
                  | Orb.
     0 | D:1      | Reached XP level 1. HP: 19/19 MP: 0/0
    72 | D:1      | Reached XP level 2. HP: 23/27 MP: 1/1
   990 | D:2      | Reached XP level 3. HP: 25/34 MP: 2/2
  1165 | D:2      | Found an opulent altar of Gozag.
  1571 | D:2      | Reached ** piety under Trog
  1703 | D:2      | Reached XP level 4. HP: 41/41 MP: 3/3
  1761 | D:3      | Reached skill level 5 in Fighting
  1761 | D:3      | Reached skill level 5 in Long Blades
  1767 | D:3      | Reached XP level 5. HP: 48/48 MP: 1/4
  2331 | D:3      | Found a snail-covered altar of Cheibriados.
  2346 | D:3      | Reached XP level 6. HP: 57/57 MP: 5/5
  2678 | D:3      | Found an ancient bone altar of Kikubaaqudgha.
  2683 | D:3      | Reached *** piety under Trog
  2914 | D:4      | Noticed Ijyb
  2930 | D:4      | Killed Ijyb
  3199 | D:4      | Found a staircase to the Ecumenical Temple.
  3391 | D:4      | Found Nacoa's Antique Weapon Shoppe.
  3401 | D:4      | Reached XP level 7. HP: 66/66 MP: 4/6
  3710 | D:4      | Noticed Sigmund
  3717 | D:4      | Killed Sigmund
  3879 | D:5      | Entered Level 5 of the Dungeon
  4063 | D:5      | Reached **** piety under Trog
  4377 | D:5      | Reached XP level 8. HP: 73/77 MP: 5/7
  4784 | D:4      | Bought a dazzling battleaxe for 287 gold pieces
  4784 | D:4      | Identified the cursed +1 battleaxe of Divine Tortfeasance
                  | {flame, rPois rN+} (You bought it in a shop on level 4 of
                  | the Dungeon)
  5067 | D:6      | Found an iron altar of Okawaru.
  5090 | D:6      | Reached skill level 1 in Shields
  5492 | D:6      | Found a bloodstained altar of Trog.
  5683 | D:6      | Found a runed translucent door.
  5684 | D:6      | Noticed Crazy Yiuf
  5837 | D:6      | Killed Crazy Yiuf
  6223 | D:7      | Found a glowing golden altar of the Shining One.
  6647 | D:7      | Reached XP level 9. HP: 81/84 MP: 8/8
  6704 | D:7      | Reached ***** piety under Trog
  7478 | D:8      | Reached skill level 5 in Armour
  7633 | D:8      | Reached skill level 10 in Long Blades
  7673 | D:8      | Reached skill level 10 in Fighting
  8019 | D:8      | Reached skill level 5 in Dodging
  8754 | D:9      | Found a radiant altar of Vehumet.
  8754 | D:9      | Noticed a troll
  8763 | D:9      | Reached skill level 5 in Shields
  8767 | D:9      | Killed a troll
  9030 | D:9      | Received a gift from Trog
  9073 | D:9      | Noticed a two-headed ogre
  9079 | D:9      | Killed a two-headed ogre
  9079 | D:9      | Reached XP level 10. HP: 80/94 MP: 1/9
  9089 | D:9      | Found a staircase to the Lair.
  9296 | D:9      | Noticed Harold
  9311 | D:9      | Killed Harold
  9434 | D:9      | Found a staircase to the Orcish Mines.
  9443 | D:9      | Found a roughly hewn altar of Beogh.
 10536 | D:10     | Entered Level 10 of the Dungeon
 10656 | D:10     | Found a blossoming altar of Fedhas.
 10801 | D:10     | Noticed Joseph
 10805 | D:10     | Killed Joseph
 11001 | D:10     | Identified a scroll of acquirement
 11001 | D:10     | Acquired 2290 gold pieces
 11590 | D:11     | Reached XP level 11. HP: 102/102 MP: 3/10
 11616 | D:11     | Found Recraisa's Changing Room.
 11629 | D:11     | Bought the +11 plutonium sword {*Contam Stlth-} for 1100
                  | gold pieces
 11629 | D:11     | Found the +11 plutonium sword {*Contam Stlth-}
 11658 | D:11     | Noticed an unseen horror
 11695 | D:11     | Killed an unseen horror
 11747 | D:11     | Noticed an unseen horror
 11753 | D:11     | Killed an unseen horror
 11961 | D:11     | Found a runed translucent door.
 12167 | D:11     | Noticed an orc knight
 12205 | D:11     | Killed an orc knight
 12840 | D:11     | Received a gift from Trog
 13297 | D:12     | Noticed Urug
 13310 | D:12     | Killed Urug
 13801 | D:12     | Noticed an ogre mage
 13806 | D:12     | Killed an ogre mage
 13869 | Lair:1   | Entered Level 1 of the Lair of Beasts
 13949 | Lair:1   | Found a frozen archway.
 13966 | Lair:1   | Reached XP level 12. HP: 113/113 MP: 11/11
 13971 | Lair:1   | Noticed a six-headed hydra
 13983 | Lair:1   | Killed an eight-headed hydra
 14309 | Lair:1   | Noticed a six-headed hydra
 14315 | Lair:1   | Killed a nine-headed hydra
 14326 | Lair:1   | Reached skill level 10 in Armour
 14539 | Lair:1   | Noticed a four-headed hydra
 14548 | Lair:1   | Killed a seven-headed hydra
 15241 | Lair:2   | Reached skill level 10 in Shields
 15305 | Lair:2   | Reached skill level 1 in Throwing
 15306 | Lair:2   | Reached skill level 1 in Stealth
 15366 | Lair:2   | Noticed a five-headed hydra
 15369 | Lair:2   | Killed an eight-headed hydra
 15369 | Lair:2   | Reached skill level 1 in Evocations
 15374 | Lair:2   | Got a brightly glowing long sword
 15721 | Lair:2   | Noticed a four-headed hydra
 15732 | Lair:2   | Killed an 11-headed hydra
 15732 | Lair:2   | Reached skill level 10 in Dodging
 16218 | Lair:2   | Found a hole to the Spider Nest.
 16227 | Spider:1 | Entered Level 1 of the Spider Nest
 16227 | Spider:1 | Noticed an entropy weaver
 16227 | Spider:1 | Noticed a ghost moth
 16477 | Lair:2   | Found a staircase to the Shoals.
 17082 | Lair:3   | Reached XP level 13. HP: 122/122 MP: 12/12
 17446 | Lair:3   | Noticed Fannar
 17455 | Lair:3   | Killed Fannar
 17455 | Lair:3   | Received a gift from Trog
 17547 | Lair:3   | Gained mutation: You are occasionally teleported next to
                  | monsters. [mutagenic glow]
 17612 | Lair:3   | Identified the cursed +1 long sword "Ritse" {speed, rC+
                  | rN+} (You found it on level 2 of the Lair of Beasts)
 17922 | Lair:4   | Noticed Nergalle
 17932 | Lair:4   | Killed Nergalle
 18308 | Lair:4   | Identified the Volume of Earthen Poisoning
 20884 | Lair:6   | Entered Level 6 of the Lair of Beasts
 21049 | Lair:6   | Paralysed by a hornet for 2 turns
 21161 | Lair:6   | Reached skill level 5 in Throwing
 21498 | Lair:6   | Noticed an emperor scorpion
 21498 | Lair:6   | a death yak changed into an emperor scorpion
 21505 | Lair:6   | Killed an emperor scorpion
 21512 | Lair:6   | Reached skill level 5 in Evocations
 21522 | Lair:6   | HP: 4/123 [spriggan rider/+0 spear (7)]
 21523 | Lair:6   | HP: 1/123 [spriggan rider/+0 spear (4)]
 21557 | Lair:6   | Reached XP level 14. HP: 34/130 MP: 5/13
 21692 | Lair:5   | Found a staircase to the Slime Pits.
 23464 | Lair:6   | Received a gift from Trog
 23851 | Shoals:1 | Entered Level 1 of the Shoals
 23896 | Shoals:1 | Found Xiedut Gitu's Antique Armour Shop.
 24176 | Shoals:1 | Bought a tower shield for 117 gold pieces
 24176 | Shoals:1 | Bought a warped plate armour for 728 gold pieces
 24324 | Shoals:1 | Got a crude bone amulet
 24750 | Shoals:1 | Identified the +1 plate armour of Jigsaw {*Corrode rC+ MR+
                  | Regen+} (You bought it in a shop on level 1 of the Shoals)
 26591 | D:12     | Noticed Kirke
 26914 | D:12     | Killed Kirke
 27200 | D:12     | Found a corrupted altar of Lugonu.
 27568 | D:12     | Gained mutation: Your body sometimes deteriorates upon
                  | taking damage. [mutagenic glow]
 27582 | D:13     | Found a gate to the Vaults.
 27589 | D:13     | Reached XP level 15. HP: 139/139 MP: 14/14
 27611 | D:13     | Noticed Rupert
 27644 | D:13     | Received a gift from Trog
 27752 | D:13     | HP: 2/139 [Rupert/+1 great mace of draining (31)]
 27755 | D:13     | Mangled by Rupert

Illustrated notes

Levels and vault maps discovered:
D:1:      ebering_trefoil_twist, layout_loops_ring,
          chequers_serial_rivers_room_a
D:2:      layout_loops_corners, nicolae_overflow_crystal_walls
D:3:      layout_loops_ring, lemuel_round_altar, kennysheep_slug_shrine
D:4:      layout_basic, minmay_temple_entry_waves, serial_shops, shop,
          uniq_sigmund, uniq_ijyb
D:5:      layout_gridville, minmay_misc_feat_room
D:6:      layout_loops_ring, lemuel_doored_altar, kennysheep_mini,
          uniq_crazy_yiuf_cottage
D:7:      layout_cave_pods, nicolae_tso_besieged_by_evil
D:8:      layout_basic
D:9:      layout_long_grid, overflow_temple_1_default,
          erik_lair_orcish_takeover, minmay_orc_entry_temple_small,
          lemuel_flame_loot_1, uniq_harold
D:10:     layout_basic, fedhas_altar_3, uniq_joseph
D:11:     minmay_the_grid_triangle_9x9_recursive_3
          [minmay_the_grid_triangle_9x9_corrupted_corridor,
          minmay_the_grid_triangle_9x9_thin_v,
          minmay_the_grid_triangle_9x9_subtriangle,
          minmay_the_grid_triangle_9x9_prize_center,
          minmay_the_grid_triangle_9x9_descending_squares,
          minmay_the_grid_triangle_9x9_sparse_checkered,
          minmay_the_grid_triangle_9x9_steps,
          minmay_the_grid_triangle_9x9_stretched_checkered,
          minmay_the_grid_triangle_9x9_dagger], layout_irregular_city,
          nicolae_transmutations_shop
D:12:     kennysheep_kobold_lugonu_temple, layout_irregular_city, uniq_kirke,
          uniq_urug
D:13:     layout_big_octagon, david_vaults_3
Lair:1:   layout_long_grid, portal_ice_cave_entry_pillars_1,
          serial_bayou_pond_d, bh_autumn_forest_stairs, st_stairs_10,
          minmay_lair_oklob_chamber
Lair:2:   layout_regular_city, minmay_shoals_entry_lonely_mermaid,
          spider_nest_entry_web_field, serial_bayou_shore_a
Lair:3:   layout_small_grid, nzn_random_ring, uniq_fannar
Lair:4:   layout_regular_city, minmay_holes, serial_bayou_lagoon_a,
          uniq_nergalle
Lair:5:   layout_roguey, minmay_slime_entry_oklob_open, lemuel_fruit_tree
Lair:6:   minmay_lair_end_enchanted_forest, layout_loops_ring,
          gauntlet_entry_generic, hibernation_bobbens
Shoals:1: layout_shoals, serial_shops, shop_statue
Shoals:2: layout_shoals
Shoals:3: layout_shoals
Spider:1: nicolae_spider_mines_3, drop_trap, guppyfry_spider_mini_3

Skill      XL: |  1  2  3  4  5  6  7  8  9 10 11 12 13 14 |
---------------+-------------------------------------------+-----
Fighting       | 4 5 6 7 8 9 10 11 12 13 14 | 14.7
Long Blades    | 4 5 6 7 8 9 10 11 12 13 14 | 14.8
Armour         | 4 6 7 9 11 12 13 | 13.3
Shields        | 3 5 7 9 10 | 10.2
Dodging        | 4 6 7 8 10 11 12 | 12.3
Throwing       | 3 5 7 |  7.3
Stealth        | 2 3 |  3.0
Evocations     | 2 5 6 |  6.9

Action                   |  1- 3 |  4- 6 |  7- 9 | 10-12 | 13-15 || total
-------------------------+-------+-------+-------+-------+-------++-------
Melee: Falchion          |    59 |   123 |   161 |       |       ||   343
       Headbutt          |     9 |    23 |    74 |   107 |   197 ||   410
       Long sword        |       |       |    34 |       |   143 ||   177
       Great sword       |       |       |    81 |       |       ||    81
       Scimitar          |       |       |     8 |   112 |       ||   120
       Triple sword      |       |       |       |   222 |   457 ||   679
Invok: Berserk           |       |     4 |     8 |    10 |    11 ||    33
       Trog's Hand       |       |       |       |     1 |    10 ||    11
       Brothers in Arms  |       |       |       |     1 |     3 ||     4
Evoke: Wand              |       |       |       |       |     1 ||     1
  Use: Scroll            |     9 |       |     6 |     9 |    19 ||    43
       Potion            |       |       |       |       |     5 ||     5
Armor: Animal skin       |     8 |     2 |       |       |       ||    10
       Chain mail        |       |    55 |    60 |       |       ||   115
       Plate armour      |       |       |    80 |   221 |   391 ||   692
       Skin              |       |       |       |       |     3 ||     3
Dodge: Dodged            |    50 |    51 |   116 |   262 |   631 ||  1110
       Repelled          |       |       |       |     1 |     9 ||    10
Block: Kite shield       |       |       |    26 |    57 |       ||    83
       Tower shield      |       |       |       |       |   229 ||   229
       Rpst.: Falchion   |    11 |    10 |     7 |       |       ||    28
       Great sword       |       |       |    15 |       |       ||    15
       Long sword        |       |       |     2 |       |    27 ||    29
       Scimitar          |       |       |     1 |    13 |       ||    14
       Triple sword      |       |       |       |    41 |   112 ||   153

Table legend: (Time is in decaauts)
 A = Elapsed time spent in this place.
 B = Non-inter-level travel time spent in this place.
 C = Inter-level travel time spent in this place.
 D = Time resting spent in this place.
 E = Time spent auto-exploring this place.
 F = Levels seen in this place.
 G = Mean time per level.
                   A        B        C        D        E       F      G
               +--------+--------+--------+--------+--------+-----+--------+
         Total |  28262 |  26748 |   1514 |   6009 |  16465 |  23 | 1228.8 |
       Dungeon |  15299 |  14393 |    906 |   2952 |   9090 |  13 | 1176.8 |
          Lair |  10249 |   9742 |    507 |   2279 |   6037 |   6 | 1708.2 |
        Shoals |   2711 |   2611 |    100 |    777 |   1336 |   3 |  903.7 |
   Spider Nest |      1 |      1 |      0 |      0 |      0 |   1 |    1.0 |
               +--------+--------+--------+--------+--------+-----+--------+

Top non-repeatable levels by time:
  Lair:5: 2373 daAuts
  Lair:6: 1987 daAuts
    D:11: 1974 daAuts
     D:9: 1869 daAuts
  Lair:4: 1774 daAuts
    D:12: 1689 daAuts
  Lair:2: 1526 daAuts
Shoals:2: 1398 daAuts
     D:6: 1395 daAuts
     D:7: 1314 daAuts
  Lair:1: 1309 daAuts
     D:8: 1287 daAuts
Shoals:1: 1279 daAuts
  Lair:3: 1278 daAuts
     D:3: 1138 daAuts
